 Dungeon Crawl Stone Soup version 0.26-a0-451-gacbe401039 (webtiles) character file.

Game seed: 3763086523646610395

43 Froggeryz the Ruffian (level 3, 0/36 HPs)
             Began as a Troll Chaos Knight on July 28, 2020.
             Was a Plaything of Xom.
             Slain by a sixfirhy (2 damage)
             ... summoned by Xom
             ... on level 2 of the Dungeon.
             The game lasted 00:01:03 (959 turns).

Froggeryz the Ruffian (Troll Chaos Knight)           Turns: 959, Time: 00:01:04

Health: 0/36       AC:  8    Str: 20    XL:     3   Next: 37%
Magic:  2/2        EV: 10    Int:  8    God:    Xom [.....*]
Gold:   74         SH:  0    Dex: 10    Spells: 2/2 levels left

rFire    . . .     SeeInvis .     - Unarmed
rCold    . . .     Faith    .   (no shield)
rNeg     . . .     Spirit   .   a - +2 robe
rPois    .         Reflect  .   (helmet restricted)
rElec    .         Harm     .   (no cloak)
rCorr    .                      (gloves unavailable)
MR       .....                  (boots unavailable)
Stlth    +.........             (no amulet)
HPRegen  0.52/turn              (no ring)
MPRegen  0.08/turn              (no ring)

@: no status effects
A: large, unfitting armour, claws 3, regeneration 1, shaggy fur 1, tough skin 3
a: Renounce Religion


You were on level 2 of the Dungeon.
You worshipped Xom.
You were Xom's teddy bear.
You visited 1 branch of the dungeon, and saw 2 of its levels.

You collected 74 gold pieces.

Inventory:

Missiles
 c - a throwing net
 g - 4 large rocks (quivered)
Armour
 a - a +2 robe (worn)
Scrolls
 e - a scroll of enchant weapon {unknown}
 i - a scroll of identify {unknown}
 k - a scroll of teleportation {unknown}
Potions
 b - a potion of flight {unknown}
 d - 2 potions of curing {unknown}
 f - a potion of haste {unknown}
 h - 2 potions of stabbing {unknown}
 j - a potion of lignification {unknown}


   Skills:
 + Level 2.7 Fighting
 + Level 2.3 Dodging
 * Level 3.8 Unarmed Combat


You had 2 spell levels left.
You didn't know any spells.
Your spell library was empty.

Dungeon Overview and Level Annotations

Branches:
Dungeon (2/15)

Altars:
Okawaru
Xom


Innate Abilities, Weirdness & Mutations

You are too large for most types of armour.
You have claws for hands.
Your natural rate of healing is unusually fast.
You are covered in fur. (AC +1)
You have extremely tough skin. (AC +3)


Message History

A hobgoblin comes into view. It is wielding a +0 club.
The hobgoblin shouts!
Found 21 stones.
You claw the adder!
You kill the adder!
You scratch the hobgoblin.
The hobgoblin is severely wounded.
The hobgoblin closely misses you.
You closely miss the hobgoblin.
The hobgoblin is severely wounded. "Let's see if it's strong enough to survive yet."
You are now Xom's teddy bear.
You closely miss the hobgoblin.
The hobgoblin is severely wounded.
You closely miss the sixfirhy. The sixfirhy hits you. The sixfirhy shocks you!
The sixfirhy hits you! The sixfirhy shocks you!
* * * LOW HITPOINT WARNING * * *
The sixfirhy hits you.
You die... "Huh?
Did I miss anything?"

#### #.# ...# #.# ...#
######.# ...#+#......#
............# .
............# ##..
............# .....
#.......###.######g...#
#.......#.....5.@3....#
........##########....#
#.......###### (..#
....≈≈≈.≈≈≈..# ..#
.≈.≈≈.≈≈...≈.# .#
.≈≈≈≈≈≈≈≈≈≈≈.# #
..≈≈≈≈≈≈≈≈≈..#
..≈≈≈≈≈≈≈≈≈..#
≈≈≈≈≈...≈≈≈≈.#


You could see a sixfirhy (summoned), a shadow imp (summoned) and a hobgoblin.

Vanquished Creatures
  An adder (D:2)
  2 dart slugs (D:1)
  3 leopard geckos (D:1)
  3 bats (D:1)
  5 goblins (D:1)
  A hobgoblin (D:1)
  3 jackals (D:1)
  4 kobolds (D:1)
  4 rats
26 creatures vanquished.

Notes
Turn   | Place    | Note
-------+----------+-------------------------------------------
     0 | D:1      | Froggeryz the Troll Chaos Knight began the quest for the
                  | Orb.
     0 | D:1      | Reached XP level 1. HP: 22/22 MP: 0/0
    89 | D:1      | XOM: silly message
   213 | D:1      | Reached XP level 2. HP: 29/29 MP: 1/1
   219 | D:1      | XOM: god gift: 4 large rocks
   260 | D:1      | XOM: scenery: create altars
   531 | D:1      | Found an iron altar of Okawaru.
   563 | D:1      | XOM: divination: magic mapping
   623 | D:1      | Reached XP level 3. HP: 36/36 MP: 2/2
   811 | D:1      | XOM: 3-stop teleportation journey
   920 | D:2      | Found a faded altar of an unknown god.
   957 | D:2      | XOM is BORED!
   957 | D:2      | XOM: summons 2 hostile demons
   958 | D:2      | Noticed a sixfirhy
   959 | D:2      | Slain by a sixfirhy

Illustrated notes

Levels and vault maps discovered:
D:1:      denvon_arrival_planthouse, layout_basic, serial_corexii_hall,
          corexii_hall_statues_s, chequers_hall_statues_wall_a,
          chequers_hall_statues_corner_a, okawaru_ov_weapons_minmay
D:2:      layout_basic, chequers_temple_overflow_statue_of_worship,
          chequers_ecumenical_altar_island, minmay_tree_intersection

Skill      XL: |  1 |
---------------+----+-----
Dodging        | 2 |  2.3
Fighting       | |  2.7
Unarmed Combat | |  3.8

Action                   || total
-------------------------++-------
Melee: Unarmed           ||    49
Armor: Robe              ||    26
Dodge: Dodged            ||    24

Table legend: (Time is in decaauts)
 A = Elapsed time spent in this place.
 B = Non-inter-level travel time spent in this place.
 C = Inter-level travel time spent in this place.
 D = Time resting spent in this place.
 E = Time spent auto-exploring this place.
 F = Levels seen in this place.
 G = Mean time per level.
                   A        B        C        D        E       F      G
               +--------+--------+--------+--------+--------+-----+--------+
         Total |    959 |    906 |     53 |      0 |    756 |   2 |  479.5 |
       Dungeon |    959 |    906 |     53 |      0 |    756 |   2 |  479.5 |
               +--------+--------+--------+--------+--------+-----+--------+

Top non-repeatable levels by time:
     D:1: 901 daAuts
     D:2: 58 daAuts
